 Dungeon Crawl Stone Soup version 0.23.2-33-g5129a83184 (webtiles) character file.

Game seed: 4684944711795942044

414 Revguard the Cudgeler (level 6, -6/61 HPs)
             Began as a Troll Berserker on July 5, 2019.
             Was a Believer of Trog.
             Mangled by Pikel
             ... wielding a +0 whip of electrocution
              (19 damage)
             ... while paralysed
             ... on level 5 of the Dungeon.
             The game lasted 00:08:29 (2653 turns).

Revguard the Cudgeler (Troll Berserker)             Turns: 2653, Time: 00:08:30

Health: -6/61      AC:  6    Str: 24 (26) XL:     6   Next: 60%
Magic:  5/5        EV:  1    Int:  0 (3)  God:    Trog [**....]
Gold:   226        SH:  0    Dex: 10 (11) Spells: 5/5 levels left

rFire    . . .     SeeInvis .   a - +0 mace
rCold    . . .     Gourm    +   (no shield)
rNeg     . . .     Faith    .   b - +0 animal skin
rPois    .         Spirit   .   (helmet restricted)
rElec    .         Reflect  .   (no cloak)
rCorr    .         Harm     .   (gloves unavailable)
MR       .....                  (boots unavailable)
Stlth    ++........             (no amulet)
HPRegen  0.60/turn              f - ring of stealth
MPRegen  0.09/turn              (no ring)

@: paralysed, slowed, lost intelligence
A: large, unfitting armour, claws 3, fast metabolism 3, gourmand, regeneration
1, shaggy fur 1, tough skin 3
a: Berserk, Trog's Hand, Renounce Religion


You were on level 5 of the Dungeon.
You worshipped Trog.
Trog was pleased with you.
You were very full.

You visited 1 branch of the dungeon, and saw 5 of its levels.

You collected 226 gold pieces.

Inventory:

Hand Weapons
 a - a +0 mace (weapon)
Missiles
 g - 5 tomahawks
 l - 4 javelins (quivered)
Armour
 b - a +0 animal skin (worn)
Jewellery
 f - a ring of stealth (left claw)
Wands
 q - a wand of disintegration (13)
Scrolls
 d - a scroll of blinking {unknown}
 h - 3 scrolls of teleportation {unknown}
 j - 2 scrolls of remove curse {unknown}
 k - a scroll of enchant armour {unknown}
 o - a scroll of immolation {unknown}
 p - a scroll of enchant weapon {unknown}
 r - 2 scrolls of identify {unknown}
Potions
 e - a potion of degeneration
 i - a potion of heal wounds {unknown}
 m - a potion of flight {unknown}
 n - 2 potions of curing {unknown}
Comestibles
 c - 8 rations


   Skills:
 + Level 3.3 Fighting
 + Level 4.9 Maces & Flails
 * Level 2.4 Throwing
 + Level 3.5 Dodging


You had 5 spell levels left.
You didn't know any spells.
Your spell library was empty.

Dungeon Overview and Level Annotations

Branches:
Dungeon (5/15)
 Temple: D:4-7

Altars:
Fedhas

Annotations:
D:5 Pikel


Innate Abilities, Weirdness & Mutations

You are too large for most types of armour.
You have claws for hands.
Your metabolism is lightning-fast.
You like to eat raw meat.
Your natural rate of healing is unusually fast.
You are covered in fur. (AC +1)
You have extremely tough skin. (AC +3)


Message History

The slave hits you but does no damage.
The crimson imp hits you but does no damage.
You sock the slave!
The slave is heavily wounded.
The slave closely misses you. The crimson imp misses you.
You hit Pikel but do no damage. The crimson imp barely misses you.
Pikel hits you but does no damage.
You are electrocuted!!
The crimson imp hits you.
You closely miss Pikel.
The crimson imp hits you but does no damage.
Pikel hits you with a +0 whip of electrocution.
You are electrocuted!!
* * * LOW HITPOINT WARNING * * *
It was a potion of degeneration.
There was something very wrong with that liquid.
You feel weakened.
You feel dopey.
You have lost your intelligence.
You feel clumsy.
The crimson imp hits you but does no damage.
Pikel hits you but does no damage.
You are electrocuted!!
You die...

#......## #....#
#.####.# #....#
### #.# #....#
#.# ####.#
#.###### #.#
#......# ## #
#####.#####.# ..
.# #.5.....# .#
... #@####### .#
.K..
#K##.#.###.#.....
#pp.p........p.pp
#.##......#
#.#.p...#.#
#.###.#)..#
#.........#
#####.#.#.#
#.....#


You could see Pikel, 2 slaves and a crimson imp.

Vanquished Creatures
  A howler monkey (D:3)
  A hound (D:4)
  2 orc priests (D:4)
  A jelly (D:4)
  A bullfrog skeleton (D:4)
  3 worker ants
  2 iguanas
  A hound skeleton (D:5)
  2 adders
  An ooze (D:3)
  2 worms
  2 dart slugs
  3 leopard geckos
  8 orcs
  4 bats
  8 giant cockroaches
  4 goblins
  8 hobgoblins
  7 kobolds
  4 frilled lizards
  5 rats
70 creatures vanquished.

Notes
Turn   | Place    | Note
-------+----------+-------------------------------------------
     0 | D:1      | Revguard the Troll Berserker began the quest for the Orb.
     0 | D:1      | Reached XP level 1. HP: 22/22 MP: 0/0
   124 | D:1      | Reached XP level 2. HP: 29/29 MP: 1/1
   265 | D:1      | Reached skill level 3 in Maces & Flails
   750 | D:2      | Reached XP level 3. HP: 35/36 MP: 2/2
  1316 | D:2      | Reached ** piety under Trog
  1541 | D:3      | Reached skill level 1 in Throwing
  1541 | D:3      | Reached XP level 4. HP: 38/44 MP: 3/3
  1768 | D:3      | Reached XP level 5. HP: 50/52 MP: 4/4
  1864 | D:3      | Reached skill level 4 in Maces & Flails
  2163 | D:4      | Found a blossoming altar of Fedhas.
  2229 | D:4      | Reached XP level 6. HP: 33/61 MP: 5/5
  2563 | D:5      | Entered Level 5 of the Dungeon
  2629 | D:5      | Noticed a slave
  2629 | D:5      | Noticed a slave
  2629 | D:5      | Noticed a slave
  2629 | D:5      | Noticed a slave
  2629 | D:5      | Noticed Pikel
  2653 | D:5      | Lost intelligence.
  2653 | D:5      | Mangled by Pikel

Skill      XL: |  1  2  3  4  5 |
---------------+----------------+-----
Maces & Flails | 3 4 |  4.9
Throwing       | 1 2 |  2.4
Dodging        | 3 |  3.5
Fighting       | 3 |  3.3

Action                   |  1- 3 |  4- 6 || total
-------------------------+-------+-------++-------
Melee: Mace              |    71 |   167 ||   238
Throw: Javelin           |     5 |    10 ||    15
  Use: Potion            |       |     1 ||     1
 Stab: Sleeping          |     3 |     2 ||     5
  Eat: Chunk             |    16 |    13 ||    29
Armor: Animal skin       |    33 |   116 ||   149
Dodge: Dodged            |    42 |   137 ||   179
